 Dungeon Sprint DCSS version 0.20.1-1-g8b1a95d (webtiles) character file.

85 HoaS the Twirler (level 4, -1/48 HPs)
             Began as a Gargoyle Gladiator on Sept 28, 2017.
             Was an Initiate of Trog.
             Slain by an unseen horror (3 damage)
             ... in the Dungeon (Sprint IX: "|||||||||||||||||||||||||||||").
             The game lasted 00:03:16 (355 turns).

HoaS the Twirler (Gargoyle Gladiator)                Turns: 355, Time: 00:03:17

Health: -1/48      AC: 11    Str: 25    XL:     4   Next: 48%
Magic:  4/4        EV: 10    Int:  9    God:    Trog [......]
Gold:   0          SH:  0    Dex: 12    Spells: 3/3 levels left

rFire    . . .     SeeInvis .   o - staff of energy
rCold    . . .     Gourm    .   (no shield)
rNeg     + . .     Faith    .   r - +1 chain mail
rPois    ∞         Spirit   .   c - +0 helmet
rElec    +         Reflect  .   (no cloak)
rCorr    .         Harm     .   p - +0 pair of gloves
MR       .....     NoTele   +   q - +0 pair of boots
Stlth    ..........             (no amulet)
Regen    0.2/turn               s - +3 ring of strength
MPRegen  0.1/turn               t - +2 ring of protection

@: berserking (expiring), corroded, very quick
A: negative energy resistance 1, electricity resistance, unbreathing,
petrification resistance, rot immunity, AC +3
a: Burn Spellbooks, Renounce Religion


You were in the Dungeon.
You worshipped Trog.
Trog was noncommittal.
You were not hungry.

You visited 1 branch

Inventory:

Missiles
 d - 3 throwing nets (quivered)
Armour
 c - a +0 helmet (worn)
 p - a +0 pair of gloves (worn)
 q - a +0 pair of boots (worn)
 r - a +1 chain mail (worn)
Magical Staves
 o - an uncursed staff of energy (weapon)
Jewellery
 s - a +3 ring of strength (left hand)
 t - a +2 ring of protection (right hand)
Wands
 n - a wand of iceblast (7/15)
Scrolls
 k - 2 scrolls of blinking
 m - 3 scrolls of remove curse
Potions
 e - 5 potions of curing
 g - 3 potions of heal wounds
 h - a potion of haste
 i - 4 potions of magic
 l - a potion of invisibility
Comestibles
 f - a bread ration


   Skills:
 * Level 5.7 Fighting
 * Level 5.7 Staves
 - Level 1.7 Throwing
 + Level 3.1 Armour
 + Level 3.8 Dodging


You had 3 spell levels left.
You didn't know any spells.

Dungeon Overview and Level Annotations

Branches:
Dungeon (1/1)

Altars:
Cheibriados
Dithmenos
Elyvilon
Fedhas
Gozag
Hepliaklqana
Kikubaaqudgha
Makhleb
Nemelex Xobeh
Okawaru
Qazlal
Ru
Sif Muna
Trog
Uskayaw
Vehumet
Xom
Yredelemnul
Zin
The Shining One
Beogh
Jiyva
Lugonu


Innate Abilities, Weirdness & Mutations

You are resistant to torment.
Your stone body is resilient. (AC +3)
You are immune to poison.
You resist negative energy. (rN+)
You are resistant to electric shocks. (rElec)
You can survive without breathing.
You are immune to petrification.
You are immune to rotting.


Message History

Okay, then.
A red film seems to cover your vision as you go berserk!
You feel yourself moving faster!
You feel mighty! The adder closely misses you. The adder barely misses you.
You hit the adder but do no damage. The adder closely misses you.
You closely miss the adder. You hit the adder!
You kill the adder!
Trog accepts your kill.
Your Armour skill increases to level 3!
Something hits you but does no damage.
Deactivating autopickup; reactivate with Ctrl-A.
You barely miss something. Something hits you but does no damage.
You hit something. Something hits you but does no damage.
You miss something. Something hits you! Something hits you.
* * * LOW HITPOINT WARNING * * *
You hit something but do no damage. Something hits you!
* * * LOW HITPOINT WARNING * * *
You closely miss something. Something hits you.
You die... ▓▓▓▓▓▓▓▓▓▓▓▓▓▓▓▓▓▓▓▓▓▓▓▓ __.____'.?.)..[.@{ooS... ▓▓▓▓▓▓▓▓▓▓▓▓▓▓▓▓▓▓▓▓▓▓▓▓

You could see an orc warrior, an orc priest and an adder.

Vanquished Creatures
  A crimson imp (D)
  A jelly (D)
  An adder (D)
  2 leopard geckos (D)
  An orc (D)
  A goblin (D)
  A hobgoblin (D)
  A ball python (D)
  3 rats (D)
12 creatures vanquished.

Notes
Turn   | Place    | Note
-------+----------+-------------------------------------------
     0 | D        | HoaS the Gargoyle Gladiator began the quest for the Orb.
     0 | D        | Reached XP level 1. HP: 12/12 MP: 1/1
   208 | D        | Noticed a crimson imp
   211 | D        | Reached XP level 2. HP: 18/19 MP: 2/2
   214 | D        | Reached skill level 1 in Armour
   238 | D        | Killed a crimson imp
   238 | D        | Reached skill level 5 in Staves
   238 | D        | Reached XP level 3. HP: 20/25 MP: 3/3
   251 | D        | Found a roughly hewn altar of Beogh.
   251 | D        | Found a snail-covered altar of Cheibriados.
   251 | D        | Found a shadowy altar of Dithmenos.
   251 | D        | Found a white marble altar of Elyvilon.
   251 | D        | Found a blossoming altar of Fedhas.
   251 | D        | Found an opulent altar of Gozag.
   252 | D        | Found a hazy altar of Hepliaklqana.
   253 | D        | Found a viscous altar of Jiyva.
   254 | D        | Found an ancient bone altar of Kikubaaqudgha.
   255 | D        | Found a corrupted altar of Lugonu.
   256 | D        | Found a burning altar of Makhleb.
   257 | D        | Found a sparkling altar of Nemelex Xobeh.
   258 | D        | Found an iron altar of Okawaru.
   259 | D        | Found a stormy altar of Qazlal.
   260 | D        | Found a sacrificial altar of Ru.
   263 | D        | Found a deep blue altar of Sif Muna.
   264 | D        | Found a bloodstained altar of Trog.
   265 | D        | Found a hide-covered altar of Uskayaw.
   266 | D        | Found a radiant altar of Vehumet.
   268 | D        | Found a shimmering altar of Xom.
   269 | D        | Found a basalt altar of Yredelemnul.
   270 | D        | Found a glowing silver altar of Zin.
   271 | D        | Found a glowing golden altar of the Shining One.
   274 | D        | Became a worshipper of Trog the Wrathful
   339 | D        | Noticed an orc warrior
   346 | D        | Reached skill level 5 in Fighting
   346 | D        | Reached XP level 4. HP: 14/31 MP: 4/4
   354 | D        | HP: 2/48 [something (7)]
   355 | D        | Slain by an unseen horror

Skill      XL: |  1  2  3  4 |
---------------+-------------+-----
Fighting       | 3 4 5 |  5.7
Armour         | 2 3 |  3.1
Dodging        | 3 |  3.8
Staves         | 5 |  5.7
Throwing       | |  1.7

Action                   |  1- 3 |  4- 6 || total
-------------------------+-------+-------++-------
Melee: Quarterstaff      |    33 |       ||    33
       Staff             |     7 |     8 ||    15
  Use: Potion            |       |     1 ||     1
Armor: Leather armour    |     7 |       ||     7
       Chain mail        |     2 |     3 ||     5
Dodge: Dodged            |    13 |     3 ||    16
